 Dungeon Crawl Stone Soup version 0.27-a0-531-gb72ec1a1b6 (webtiles) character file.

Game seed: 14892181301013351651

9 karrick the Skirmisher (level 2, 21/24 HPs)
             Began as a Demonspawn Abyssal Knight on Mar 6, 2021.
             Was an Initiate of Lugonu.
             Quit the game on level 1 of the Dungeon.
             The game lasted 00:00:32 (419 turns).

karrick the Skirmisher (Demonspawn Abyssal Knight)   Turns: 419, Time: 00:00:33

Health: 21/24      AC:  3    Str: 12    XL:     2   Next: 3%
Magic:  4/4        EV: 11    Int: 13    God:    Lugonu [......]
Gold:   20         SH:  0    Dex: 12    Spells: 1/1 levels left

rFire    . . .     SeeInvis .   a - +1 hand axe
rCold    . . .     Faith    .   (no shield)
rNeg     . . .     Spirit   .   b - +0 leather armour
rPois    .         Reflect  .   (no helmet)
rElec    .         Harm     .   (no cloak)
rCorr    .         Rampage  .   (no gloves)
Will     .....                  (no boots)
Stlth    +.........             (no amulet)
HPRegen  0.08/turn              (no ring)
MPRegen  0.09/turn              (no ring)

@: no status effects
A: claws 1
a: Renounce Religion


You were on level 1 of the Dungeon.
You worshipped Lugonu.
Lugonu was noncommittal.
You visited 1 branch of the dungeon, and saw 1 of its levels.
You visited the Abyss 1 time.

You collected 20 gold pieces.

Inventory:

Hand Weapons
 a - a +1 hand axe (weapon)
Armour
 b - a +0 leather armour (worn)
Scrolls
 e - 2 scrolls of identify {unknown}
Potions
 c - a potion of curing {unknown}
 d - a potion of heal wounds {unknown}
 f - a potion of cancellation {unknown}


   Skills:
 + Level 3.1 Fighting
 + Level 1.7 Axes
 + Level 2.0 Armour
 + Level 0.8 Dodging
 + Level 0.1 Stealth
 + Level 2.9 Invocations


You had one spell level left.
You didn't know any spells.
Your spell library was empty.

Dungeon Overview and Level Annotations

Branches:
Dungeon (1/15)

Altars:


Innate Abilities, Weirdness & Mutations

You have sharp fingernails.


Message History

You barely miss the bat. The bat hits you but does no damage.
The bat closely misses you.
You barely miss the bat. The bat barely misses you. The bat misses you.
You slash the bat!
You kill the bat!
Lugonu accepts your kill.
No target in view!
No target in view!
No target in view!
No target in view!
No target in view!
No target in view!
No target in view!
No target in view!
No target in view!
No target in view!
No target in view!
No target in view!
Found 6 sling bullets.
Found a spear.
No target in view!
A hobgoblin comes into view. It is wielding a +0 club.
The hobgoblin shouts!
The hobgoblin moves out of view.
A hobgoblin comes into view. It is wielding a +0 club.
There are monsters nearby!
The hobgoblin shouts!
The hobgoblin drinks a potion.
The hobgoblin seems to grow stronger.
The hobgoblin hits you with a +0 club.
You hit the hobgoblin.
The hobgoblin is moderately wounded.
The hobgoblin closely misses you.
You hit the hobgoblin.
You kill the hobgoblin!
Lugonu accepts your kill.
You have reached level 2!
You feel monstrous as your demonic heritage exerts itself.
Your demonic ancestry asserts itself...
Your fingernails lengthen.
Are you sure you want to abandon this character and quit the game? (Confirm with "yes".)

...#................. ##
#.........####....
#.#.......##.)..##..
#.#......#...<....#. #
#.#........##.(....#
#.##.#).........#.....#
.....#.#...............#
#.. #..#).............#.
#...#..@#.............#.
....)....#...........#..
..........##.......##...
....g.......#######.....
....#.......(...........
....#####.#.###..###.##.
.#. #.#.###.####. #. #
####............ #.
.........##.##### #.


You could see a hobgoblin.

Vanquished Creatures
  A dart slug (D:1)
  2 goblins (D:1)
  A hobgoblin (D:1)
  A bat (D:1)
  A kobold (D:1)
  A rat (D:1)
7 creatures vanquished.

Notes
Turn   | Place    | Note
-------+----------+-------------------------------------------
     0 | Abyss:1  | karrick the Demonspawn Abyssal Knight began the quest for
                  | the Orb.
     0 | Abyss:1  | Reached XP level 1. HP: 18/18 MP: 2/2
     1 | Abyss:1  | Found an ornate altar of the Wu Jian Council.
    74 | Abyss:1  | Noticed a freezing wraith
    76 | D:1      | Escaped the Abyss
   419 | D:1      | Gained mutation: You have sharp fingernails. [demonic
                  | ancestry]
   419 | D:1      | Reached XP level 2. HP: 21/24 MP: 4/4
   419 | D:1      | Quit the game

Illustrated notes

Levels and vault maps discovered:
D:1:      dpeg_arrival_solitude, layout_loops_ring

Skill      XL: |  1 |
---------------+----+-----
Armour         | 2 |  2.0
Fighting       | |  3.1
Axes           | |  1.7
Dodging        | |  0.8
Stealth        | |  0.1
Invocations    | |  2.9

Action                   || total
-------------------------++-------
Melee: Hand axe          ||    21
Invok: Depart the Abyss  ||     1
Armor: Leather armour    ||     4
Dodge: Dodged            ||    11

Table legend: (Time is in decaauts)
 A = Elapsed time spent in this place.
 B = Non-inter-level travel time spent in this place.
 C = Inter-level travel time spent in this place.
 D = Time resting spent in this place.
 E = Time spent auto-exploring this place.
 F = Levels seen in this place.
 G = Mean time per level.
                   A        B        C        D        E       F      G
               +--------+--------+--------+--------+--------+-----+--------+
         Total |    423 |    423 |      0 |      0 |    371 |   2 |  211.5 |
       Dungeon |    347 |    347 |      0 |      0 |    297 |   1 |  347.0 |
         Abyss |     76 |     76 |      0 |      0 |     74 |   1 |   76.0 |
               +--------+--------+--------+--------+--------+-----+--------+

Top non-repeatable levels by time:
     D:1: 347 daAuts
 Abyss:1: 76 daAuts
